 Dungeon Crawl Stone Soup version 0.28-a0-895-g6e5f11bd55 (webtiles) character file.

Game seed: 9434210271934620811

6507 siradein the Quickloader (level 10, -3/90 HPs)
             Began as a Minotaur Hunter on Nov 23, 2021.
             Was an Elder of Okawaru.
             Engulfed by a cloud of freezing vapour (26 damage)
             ... in an ice cave.
             The game lasted 00:35:41 (12109 turns).

siradein the Quickloader (Minotaur Hunter)         Turns: 12109, Time: 00:35:42

Health: -3/90      AC: 17    Str: 19    XL:     10   Next: 69%
Magic:  12/12      EV: 14    Int: 10    God:    Okawaru [****..]
Gold:   451        SH:  5    Dex: 12    Spells: 9/9 levels left

rFire   . . .      SeeInvis .   R - +11 mace "Henuk" {flame, Int+2}
rCold   . . .      Faith    .   (no shield)
rNeg    . . .      Spirit   .   G - +2 chain mail {rPois}
rPois   +          Reflect  +   (helmet restricted)
rElec   .          Harm     .   Q - +0 cloak
rCorr   .          Rampage  .   I - +0 pair of gloves
Will    .....                   u - +0 pair of boots
Stlth   ..........              r - amulet of reflection
HPRegen 0.25/turn               X - ring of flight
MPRegen 0.13/turn               Y - +4 ring of evasion

@: flying
A: horns 2, retaliatory headbutt
a: Renounce Religion, Heroism, Finesse


You were in an ice cave.
You worshipped Okawaru.
Okawaru was greatly pleased with you.
You visited 2 branches of the dungeon, and saw 12 of its levels.
You also visited: Ossuary and Ice Cave.

You collected 673 gold pieces.
You spent 222 gold pieces at shops.

Inventory:

Hand Weapons
 a - a +1 hand crossbow
 v - a +0 vampiric dagger
 R - the +11 mace "Henuk" (weapon) {flame, Int+2}
   (You found it on level 6 of the Dungeon)

   It burns those it strikes, dealing additional fire damage.
   Int:       It affects your intelligence (+2).
Missiles
 d - 140 bolts
 l - 3 atropa-tipped darts
 q - 71 poisoned darts (quivered)
 z - 6 javelins
Armour
 u - a +0 pair of boots (worn)
 G - a +2 chain mail of poison resistance (worn)
 I - a +0 pair of gloves (worn)
 Q - a +0 cloak (worn)
Jewellery
 g - a ring of wizardry
 i - a ring of fire
 r - an amulet of reflection (around neck)
 O - a ring of fire
 U - an amulet of magic regeneration
 X - a ring of flight (left hand)
 Y - a +4 ring of evasion (right hand)
Wands
 b - a wand of mindburst (14)
 D - a wand of acid (18)
 F - a wand of flame (21)
 P - a wand of polymorph (13)
 V - a wand of iceblast (5)
Scrolls
 c - 2 scrolls of enchant armour
 e - a scroll of blinking {unknown}
 j - 4 scrolls of amnesia
 n - 7 scrolls of teleportation
 o - a scroll of noise {unknown}
 t - 3 scrolls of immolation
 w - a scroll of fog {unknown}
 y - 4 scrolls of vulnerability
 B - 2 scrolls of enchant weapon {unknown}
 C - a scroll of fear {unknown}
 E - a scroll of holy word {unknown}
 J - a scroll of magic mapping
 L - 2 scrolls of torment {unknown}
 S - a scroll of identify
 W - a scroll of brand weapon
Potions
 f - 3 potions of flight
 h - 2 potions of resistance
 k - 4 potions of heal wounds
 m - a potion of invisibility {unknown}
 p - 2 potions of might
 s - 5 potions of curing
 x - 2 potions of haste
 A - 5 potions of lignification
 H - a potion of degeneration {unknown}
 K - a potion of berserk rage {unknown}
 M - 4 potions of attraction
 N - a potion of experience {unknown}
 T - a potion of brilliance {unknown}


   Skills:
 + Level 8.9 Fighting
 + Level 7.5 Short Blades
 + Level 9.0 Crossbows
 + Level 8.3 Armour
 + Level 8.0 Dodging
 - Level 1.0 Stealth
 + Level 4.0 Invocations


You had 9 spell levels left.
You didn't know any spells.
Your spell library contained the following spells:

 Spells                   Type           Power      Damage    Failure   Level
 Pain                     Necr           0%         1d4       97%         1
 Sandblast                Erth           0%         2d4       97%         1
 Passwall                 Tmut/Erth      0%         N/A       99%         2
 Dazzling Flash           Conj/Hex       0%         N/A       100%        3
 Gell's Gravitas          Tloc           0%         N/A       100%        3
 Lesser Beckoning         Tloc           0%         N/A       100%        3
 Stone Arrow              Conj/Erth      0%         3d7       100%        3
 Teleport Other           Tloc           0%         N/A       100%        3
 Hailstorm                Conj/Ice       0%         3d3       100%        4
 Agony                    Necr           0%         N/A       100%        5
 Excruciating Wounds      Necr           0%         N/A       100%        5
 Silence                  Hex/Air        0%         N/A       100%        5
 Conjure Ball Lightning   Conj/Air       0%         3x3d6     100%        6
 Dispersal                Tloc           0%         N/A       100%        6
 Storm Form               Tmut/Air       0%         N/A       100%        7
 Maxwell's Capacitive Co  Air            0%         ∞         100%        8
 Summon Lightning Spire   Summ/Air       Unusable   N/A       N/A         4
 Simulacrum               Ice/Necr       Unusable   N/A       N/A         6

Dungeon Overview and Level Annotations

Branches:
Dungeon (11/15)            Temple (1/1) D:5            Lair (0/6) D:11
    Orc (0/2) D:10        Ossuary (visited)           IceCv (1/1)

Altars:
Ashenzari
Cheibriados
Dithmenos
Elyvilon
Fedhas
Hepliaklqana
Nemelex Xobeh
Okawaru
Qazlal
Ru
Sif Muna
Trog
Uskayaw
Vehumet
Wu Jian
Yredelemnul
Zin
The Shining One

Shops:
D:1 (   D:5 *   D:6 (


Innate Abilities, Weirdness & Mutations

You have a pair of horns on your head.
You reflexively headbutt those who attack you in melee.


Message History

You hit the yak. You burn the yak. You headbutt the yak!
You kill the yak!
Okawaru accepts your kill.
The yak is engulfed in freezing vapours. x2
Your Crossbows skill increases to level 9!
Your Invocations skill increases to level 4!
You hit the yak. You burn the yak.
You kill the yak!
Okawaru accepts your kill.
You can now speed up your combat.
The yak is engulfed in freezing vapours.
The yak dies!
No target in view!
Unknown command.
Really fly into that cloud of freezing vapour?
Okay, then.
There are no items here.
You see here a yak corpse.
You are engulfed in freezing vapours.
Found a scroll of identify.
You are engulfed in freezing vapours.
Found a glowing halberd.
Really fly into that cloud of freezing vapour?
Okay, then.
Found a leather armour.
You are engulfed in freezing vapours.
You are engulfed in freezing vapours.
* * * LOW HITPOINT WARNING * * *
S - a scroll of identify
Found 2 potions of heal wounds.
You see here a +2 halberd of venom.
You start resting.
You are engulfed in freezing vapours.
* * * LOW HITPOINT WARNING * * *
You are engulfed in freezing vapours.
* * * LOW HITPOINT WARNING * * *
You see here 2 potions of heal wounds.
You see here a +0 leather armour.
You start resting.
You are engulfed in freezing vapours.
* * * LOW HITPOINT WARNING * * *
You are engulfed in freezing vapours.
You die...

#### ####
#####☼.###..###
##)##§☼§☼§.§...###
#@#§§§§§○§☼...##.†
#.#§##§§§§§.§......
..####..§○☼☼○☼.☼##..
..#. ##...○§.#######
..# # ####○§## #
####


There were no monsters in sight!

Vanquished Creatures
  Maggie (D:6)
  2 kobold demonologists (D:9)
  2 trolls (D:10)
  Prince Ribbit (D:6)
  Sigmund (D:2)
  6 yaks
  Eustachio (D:6)
  Menkaure (D:6)
  An acid dragon (D:9)
  4 water moccasins
  An ice beast (D:7)
  2 sky beasts
  An ogre (D:6)
  2 necrophages
  A phantom (D:4)
  4 centaurs
  4 kobold brigands
  4 bullfrogs
  4 scorpions
  A water moccasin zombie (D:4)
  10 wights (D:8)
  3 centaur zombies
  3 hounds
  2 jellies
  A gnoll shaman (D:7)
  Crazy Yiuf (D:6)
  2 bullfrog skeletons
  3 iguanas
  9 orc wizards
  4 mummies
  A howler monkey zombie (D:9)
  19 gnolls
  3 adders
  An ufetubus (D:4)
  3 adder zombies (Ossuary)
  2 adder skeletons (D:4)
  A worm (D:1)
  4 dart slugs
  35 orcs
  7 bats
  2 endoplasms
  A giant cockroach (D:3)
  46 goblins
  35 hobgoblins
  2 jackals (D:2)
  A quokka (D:3)
  6 ball pythons
  A frilled lizard (D:3)
  4 goblin zombies (Ossuary)
  3 hobgoblin zombies (Ossuary)
  25 kobolds
  5 kobold zombies (Ossuary)
  An orc zombie (Ossuary)
  A quokka zombie (Ossuary)
  6 rats
  A rat zombie (Ossuary)
298 creatures vanquished.

Vanquished Creatures (others)
  2 yaks (IceCv)
2 creatures vanquished.

Grand Total: 300 creatures vanquished

Notes
Turn   | Place    | Note
-------+----------+-------------------------------------------
     0 | D:1      | siradein the Minotaur Hunter began the quest for the Orb.
     0 | D:1      | Reached XP level 1. HP: 18/18 MP: 0/0
    18 | D:1      | Got the Handbook of Frigorific Flight
    20 | D:1      | Found Aghot's Weapon Shop.
   351 | D:1      | Reached skill level 1 in Stealth
   351 | D:1      | Reached XP level 2. HP: 20/25 MP: 1/1
   942 | D:2      | Reached skill level 1 in Armour
  1015 | D:2      | Reached skill level 1 in Short Blades
  1028 | D:2      | Reached XP level 3. HP: 30/30 MP: 2/2
  1461 | D:2      | Noticed Sigmund
  1467 | D:2      | Killed Sigmund
  1468 | D:2      | Reached skill level 5 in Crossbows
  1468 | D:2      | Reached XP level 4. HP: 38/40 MP: 3/3
  1468 | D:2      | Reached XP level 5. HP: 44/46 MP: 4/4
  2501 | D:4      | Reached XP level 6. HP: 41/52 MP: 5/5
  3063 | D:4      | Reached XP level 7. HP: 60/60 MP: 6/6
  3327 | D:4      | Found an ornate altar of the Wu Jian Council.
  3586 | D:5      | Entered Level 5 of the Dungeon
  3719 | D:5      | Reached skill level 5 in Fighting
  3719 | D:5      | Reached skill level 6 in Crossbows
  4285 | D:4      | Reached XP level 8. HP: 28/69 MP: 7/7
  4539 | D:5      | Reached skill level 5 in Dodging
  4853 | D:5      | Reached skill level 5 in Armour
  5487 | D:5      | Found a white marble altar of Elyvilon.
  5548 | D:5      | Found a staircase to the Ecumenical Temple.
  5563 | Temple   | Entered the Ecumenical Temple
  5662 | Temple   | Became a worshipper of Warmaster Okawaru
  5896 | D:5      | Found a sacrificial altar of Ru.
  5985 | D:5      | Found Ejequs's Serpentskin Sales.
  5997 | D:5      | Reached skill level 5 in Short Blades
  6011 | D:5      | Bought a +2 chain mail of poison resistance for 222 gold
                  | pieces
  6303 | D:6      | Found Uni Xeat's Weapon Shoppe.
  6537 | D:6      | Noticed Menkaure
  6544 | D:6      | Killed Menkaure
  6544 | D:6      | Reached * piety under Okawaru
  6545 | D:6      | Reached skill level 7 in Crossbows
  6606 | D:6      | Found a runed translucent door.
  6607 | D:6      | Noticed Crazy Yiuf
  6826 | D:6      | Noticed Prince Ribbit
  6842 | D:6      | Killed Prince Ribbit
  6843 | D:6      | Reached XP level 9. HP: 68/78 MP: 8/8
  7097 | D:6      | You fall into a shaft and drop 1 floor!
  7113 | D:7      | Found a sand-covered staircase.
  7151 | Ossuary  | Entered an ossuary
  7452 | D:6      | Noticed Eustachio
  7478 | D:6      | Killed Eustachio
  7730 | D:6      | Noticed Maggie
  7743 | D:6      | Killed Maggie
  7940 | D:6      | Killed Crazy Yiuf
  8029 | D:6      | Identified the +11 mace "Henuk" {flame, Int+2}
  8267 | D:7      | Reached skill level 1 in Invocations
  8416 | D:7      | Reached ** piety under Okawaru
  8662 | D:7      | Reached skill level 8 in Crossbows
  9271 | D:8      | Reached XP level 10. HP: 88/88 MP: 10/10
  9507 | D:8      | Reached *** piety under Okawaru
  9572 | D:8      | Found a hazy altar of Hepliaklqana.
 10159 | D:9      | Received a gift from Okawaru
 10508 | D:9      | Found a broken altar of Ashenzari.
 10629 | D:9      | Found a hide-covered altar of Uskayaw.
 10906 | D:10     | Entered Level 10 of the Dungeon
 11107 | D:10     | Found a staircase to the Orcish Mines.
 11918 | D:11     | Found a frozen archway.
 11934 | IceCv    | Entered an ice cave
 11958 | IceCv    | Reached skill level 9 in Crossbows
 11958 | IceCv    | Reached **** piety under Okawaru
 12109 | IceCv    | Engulfed by a cloud of freezing vapour

Illustrated notes

Levels and vault maps discovered:
D:1:      minmay_arrival_stair_chambers, layout_basic, serial_shops, shop,
          minmay_tiny_reverse_x
D:2:      layout_loops_ring, chequers_serial_rivers_large_a, minivault_27,
          uniq_sigmund
D:3:      layout_basic, grunt_decor_arrowhead
D:4:      corexii_shantytown, layout_basic, mainiacjoe_overflow_surrounded_room,
          minmay_fractal_squares_5
D:5:      minmay_goblin_kobold_castle, layout_loops_ring,
          nicolae_ru_the_path_less_chosen, mainiacjoe_overflow_paths,
          temple_green, guppyfry_shop_venom
D:6:      layout_basic, serial_shops, nicolae_shop_bloodbath_and_beyond,
          uniq_maggie, uniq_eustachio, uniq_crazy_yiuf_cottage,
          uniq_prince_ribbit1, uniq_menkaure
D:7:      layout_cave_pods, gup_ossuary_entry_pyramid, chequers_garden,
          chequers_serial_rivers_room_a
D:8:      layout_basic, mainiacjoe_overflow_small_starburst,
          grunt_decor_fettered, minmay_misc_feat_roman
D:9:      layout_long_grid, mainiacjoe_overflow_tiny_flanked,
          lemuel_coloured_pillars_altar, chequers_serial_rivers_large_b
D:10:     layout_grid_maze, orc_0_dummy, chequers_serial_rivers_room_a,
          minmay_misc_feat_rows
D:11:     layout_small_grid, david_lair_shrubbed,
          portal_ice_cave_entry_pillars_1
Temple:   regret_index_temple_sphere_string
IceCv:    ice_cave_caverns_01

Skill      XL: |  1  2  3  4  5  6  7  8  9 10 |
---------------+-------------------------------+-----
Stealth        | 1 |  1.0
Armour         | 1 2 3 4 6 7 8 |  8.3
Short Blades   | 1 2 3 4 5 6 7 |  7.5
Fighting       | 3 4 5 6 8 |  8.9
Crossbows      | 5 6 7 8 9 |  9.0
Dodging        | 3 4 6 7 8 |  8.0
Invocations    | 2 4 |  4.0

Action                   |  1- 3 |  4- 6 |  7- 9 | 10-12 || total
-------------------------+-------+-------+-------+-------++-------
Melee: Short sword       |    52 |    43 |       |       ||    95
       Headbutt          |    13 |    19 |   163 |    17 ||   212
       Dagger            |       |    45 |   489 |       ||   534
       Scimitar          |       |    11 |    48 |       ||    59
       Mace              |       |       |    61 |   100 ||   161
 Fire: Hand crossbow     |     5 |       |    24 |       ||    29
Throw: Dart              |       |     1 |     8 |     1 ||    10
Invok: Heroism           |       |       |     1 |       ||     1
Evoke: Wand              |       |       |     5 |       ||     5
  Use: Scroll            |       |       |       |    17 ||    17
 Stab: Sleeping          |     1 |     1 |     2 |       ||     4
Armor: Ring mail         |    17 |    17 |    37 |       ||    71
       Chain mail        |       |       |   267 |    50 ||   317
Dodge: Dodged            |    34 |    49 |   250 |    57 ||   390
Block: Other             |       |    12 |   153 |    20 ||   185
       Reflection        |       |       |     9 |     2 ||    11

Table legend: (Time is in decaauts)
 A = Elapsed time spent in this place.
 B = Non-inter-level travel time spent in this place.
 C = Inter-level travel time spent in this place.
 D = Time resting spent in this place.
 E = Time spent auto-exploring this place.
 F = Levels seen in this place.
 G = Mean time per level.
                   A        B        C        D        E       F      G
               +--------+--------+--------+--------+--------+-----+--------+
         Total |  12118 |  11839 |    279 |    519 |   8894 |  14 |  865.6 |
       Dungeon |  11579 |  11310 |    269 |    419 |   8619 |  11 | 1052.6 |
        Temple |    109 |     99 |     10 |      0 |     86 |   1 |  109.0 |
       Ossuary |    252 |    252 |      0 |      0 |    173 |   1 |  252.0 |
      Ice Cave |    176 |    176 |      0 |    100 |     16 |   1 |  176.0 |
               +--------+--------+--------+--------+--------+-----+--------+

Top non-repeatable levels by time:
     D:5: 1982 daAuts
     D:6: 1532 daAuts
     D:4: 1442 daAuts
     D:3: 1117 daAuts
     D:7: 1038 daAuts
    D:10: 955 daAuts
     D:8: 944 daAuts
     D:9: 901 daAuts
     D:1: 865 daAuts
     D:2: 723 daAuts
 Ossuary: 252 daAuts
   IceCv: 176 daAuts
  Temple: 109 daAuts
    D:11: 77 daAuts
